 Dungeon Crawl Stone Soup version 0.26-a0-651-gb41185065b (webtiles) character file.

Game seed: 17915863927659392225

222 Irenicus the Geomancer (level 5, -2/42 HPs)
             Began as a Deep Dwarf Earth Elementalist on Oct 5, 2020.
             Slain by Pikel
             ... wielding a +2 whip of electrocution
              (9 damage)
             ... on level 4 of the Dungeon.
             The game lasted 00:11:58 (1766 turns).

Irenicus the Geomancer (DDEE)                       Turns: 1766, Time: 00:11:59

Health: -2/42      AC:  7    Str: 11    XL:     5   Next: 66%
Magic:  1/8        EV: 11    Int: 17    God:
Gold:   152        SH:  0    Dex: 13    Spells: 5/8 levels left

rFire    . . .     SeeInvis +   e - +0 dagger
rCold    . . .     Faith    .   (no shield)
rNeg     . . .     Spirit   .   p - +0 ring mail
rPois    .         Reflect  .   (no helmet)
rElec    .         Harm     .   a - scarf {repulsion}
rCorr    .         Rampage  .   o - +0 pair of gloves
MR       +....                  j - +0 pair of boots
Stlth    +.........             (no amulet)
HPRegen  0.00/turn              i - ring of protection from magic {MR+, !d}
MPRegen  0.11/turn              l - ring of see invisible {sInv, !d}

@: non-regenerating, repel missiles
A: damage resistance, heal wounds, sense surroundings 1, no regeneration
a: Heal Wounds


You were on level 4 of the Dungeon.
You visited 1 branch of the dungeon, and saw 4 of its levels.

You collected 152 gold pieces.

Inventory:

Hand Weapons
 e - a +0 dagger (weapon)
   (You found it on level 1 of the Dungeon)
Missiles
 b - 65 stones (quivered)
Armour
 a - a scarf of repulsion (worn)
   (You found it on level 1 of the Dungeon)
 j - a +0 pair of boots (worn)
   (You found it on level 2 of the Dungeon)
 o - a +0 pair of gloves (worn)
   (You found it on level 2 of the Dungeon)
 p - a +0 ring mail (worn)
   (You found it on level 3 of the Dungeon)
Jewellery
 c - an uncursed ring of fire {rF+, rC-}
   (You found it on level 2 of the Dungeon)
 i - a ring of protection from magic (left hand) {MR+, !d}
   (You found it on level 1 of the Dungeon)
 l - a ring of see invisible (right hand) {sInv, !d}
   (You found it on level 2 of the Dungeon)
 u - an uncursed ring of protection from magic {MR+, !d}
   (You found it on level 4 of the Dungeon)
Wands
 s - a wand of acid (4)
   (You found it on level 4 of the Dungeon)
Scrolls
 f - a scroll of magic mapping {unknown}
 g - 6 scrolls of teleportation
 n - a scroll of fear {unknown}
 t - a scroll of remove curse
 v - a scroll of amnesia {unknown}
 w - 2 scrolls of identify {unknown}
 x - a scroll of immolation {unknown}
Potions
 d - 2 potions of might {unknown}
 h - a potion of haste {unknown}
 k - a potion of curing {unknown}
 m - a potion of stabbing {unknown}
 q - a potion of degeneration {unknown}
 r - a potion of brilliance {unknown}


   Skills:
 - Level 2.1 Dodging
 - Level 2.4 Stealth
 - Level 2.0 Spellcasting
 - Level 0.8 Transmutations
 + Level 8.4 Earth Magic


You had 5 spell levels left.
You knew the following spells:

 Your Spells              Type           Power        Failure   Level
a - Sandblast             Erth           ####..       1%          1
w - Passwall              Tmut/Erth      ###.....     11%         2

Your spell library contained the following spells:

 Spells                   Type           Power        Failure   Level
 Stone Arrow              Conj/Erth      ###...       26%         3
 Lee's Rapid Deconstruct  Erth           ####......   38%         5
 Petrify                  Tmut/Erth      ###.....     56%         4


Dungeon Overview and Level Annotations

Branches:
Dungeon (4/15)
 Temple: D:4-7

Altars:
Uskayaw

Annotations:
D:4 Pikel


Innate Abilities, Weirdness & Mutations

You are resistant to damage.
You can heal yourself by infusing magical energy.
You passively map a small area around you.
You do not regenerate.


Message History

Pikel is wielding a +2 whip of electrocution.
The lemure shouts! x3
The lemure moves out of view.
There is a stone staircase leading up here.
The lemure hits you but does no damage.
Found a stone staircase leading down.
Found a scroll labeled SIEGAF SAOSTOKU.
Found an escape hatch in the ceiling.
MP restored: 8
Found a stone staircase leading down.
You see here a scroll labeled SIEGAF SAOSTOKU.
The lemure hits you but does no damage.
Casting: Passwall (safe; 11% risk of failure)
Confirm with . or Enter, or press ? or * to list all spells.
Aiming: Sandblast (safe; 1% risk of failure)
Press: ? - help, Shift-Dir - straight line, f - lemure
Aim: a lemure
Okay, then.
Evoke which item? (* to show all) (? for menu, Esc to quit)
Press: ? - help, Shift-Dir - straight line, f - Pikel
Aim: Pikel, wielding a +2 whip of electrocution and wearing a +0 robe The bolt of acid hits Pikel!
Pikel is splashed with acid.
Pikel is heavily wounded.
The bolt of acid hits the lemure!
The lemure is splashed with acid.
The lemure is heavily wounded.
You hear a shout!
The lemure barely misses you.
Casting: Sandblast (safe; 1% risk of failure)
Confirm with . or Enter, or press ? or * to list all spells.
Aiming: Sandblast (safe; 1% risk of failure)
Press: ? - help, Shift-Dir - straight line, f/p - Pikel
Aim: Pikel, wielding a +2 whip of electrocution and wearing a +0 robe (heavily wounded)
The blast of sand misses Pikel.
b - 71 stones The lemure barely misses you.
You now have 7/8 mp.
Casting: Sandblast (safe; 1% risk of failure)
Confirm with . or Enter, or press ? or * to list all spells.
Aiming: Sandblast (safe; 1% risk of failure)
Press: ? - help, Shift-Dir - straight line, f/p - Pikel
Aim: Pikel, wielding a +2 whip of electrocution and wearing a +0 robe (heavily wounded)
The blast of sand hits Pikel.
Pikel is heavily wounded.
b - 70 stones The lemure hits you.
You take 1 damage, and have 17/42 hp.
You now have 6/8 mp.
Casting: Sandblast (safe; 1% risk of failure)
Confirm with . or Enter, or press ? or * to list all spells.
Aiming: Sandblast (safe; 1% risk of failure)
Press: ? - help, Shift-Dir - straight line, f/p - Pikel
Aim: Pikel, wielding a +2 whip of electrocution and wearing a +0 robe (heavily wounded)
The blast of sand hits Pikel but does no damage.
Pikel is heavily wounded.
b - 69 stones The lemure misses you.
Pikel barely misses you.
You now have 5/8 mp.
Casting: Sandblast (safe; 1% risk of failure)
Confirm with . or Enter, or press ? or * to list all spells.
Aiming: Sandblast (safe; 1% risk of failure)
Press: ? - help, Shift-Dir - straight line, f/p - Pikel
Aim: Pikel, wielding a +2 whip of electrocution and wearing a +0 robe (heavily wounded)
The blast of sand hits Pikel!
Pikel is severely wounded.
b - 68 stones The lemure closely misses you.
Pikel hits you with a +2 whip of electrocution!
* * * LOW HITPOINT WARNING * * *
You take 7 damage, and have 10/42 hp.
You now have 4/8 mp.
Casting: Sandblast (safe; 1% risk of failure)
Confirm with . or Enter, or press ? or * to list all spells.
Aiming: Sandblast (safe; 1% risk of failure)
Press: ? - help, Shift-Dir - straight line, f/p - Pikel
Aim: Pikel, wielding a +2 whip of electrocution and wearing a +0 robe (severely wounded)
The blast of sand misses Pikel.
The blast of sand hits the lemure.
The lemure is lightly wounded.
b - 67 stones The lemure closely misses you.
Pikel hits you but does no damage.
You now have 3/8 mp.
Casting: Sandblast (safe; 1% risk of failure)
Confirm with . or Enter, or press ? or * to list all spells.
Aiming: Sandblast (safe; 1% risk of failure)
Press: ? - help, Shift-Dir - straight line, f/p - Pikel
Aim: Pikel, wielding a +2 whip of electrocution and wearing a +0 robe (severely wounded)
The blast of sand misses Pikel.
b - 66 stones The lemure barely misses you.
The lemure hits you. The lemure barely misses you.
Pikel hits you but does no damage.
You now have 2/8 mp.
Casting: Sandblast (safe; 1% risk of failure)
Confirm with . or Enter, or press ? or * to list all spells.
Aiming: Sandblast (safe; 1% risk of failure)
Press: ? - help, Shift-Dir - straight line, f/p - Pikel
Aim: Pikel, wielding a +2 whip of electrocution and wearing a +0 robe (severely wounded)
The blast of sand hits Pikel.
Pikel is severely wounded.
b - 65 stones The lemure hits you.
* * * LOW HITPOINT WARNING * * *
The lemure hits you but does no damage. x2; Pikel hits you but does no damage.
You are electrocuted!
You die...

##.....#... ##..
##..........., *
#.. #............,
#.. #.>..........
#.. #............
#.. #............
, #..
#...<........ #..
#...?........ ,
### ##..5@5......
* , ##.5K..#.(..
###.### *## * ..
#5# .. #.# ### ...
##.# #.. .. ##..#
*..5 ,
*######..####.#
#.........5K..##.#


You could see Pikel and 4 lemures.

Vanquished Creatures
  A centaur zombie (D:3)
  A worker ant (D:4)
  7 adders
  3 oozes
  An adder zombie (D:4)
  A worm (D:2)
  4 dart slugs
  4 leopard geckos
  5 orcs (D:4)
  A ball python (D:4)
  4 giant cockroaches
  5 goblins
  9 hobgoblins
  8 jackals
  2 quokkas
  5 bats
  A frilled lizard (D:2)
  5 kobolds
  4 rats
71 creatures vanquished.

Vanquished Creatures (others)
  A plant (D:1)
1 creature vanquished.

Grand Total: 72 creatures vanquished

Notes
Turn   | Place    | Note
-------+----------+-------------------------------------------
     0 | D:1      | Irenicus the Deep Dwarf Earth Elementalist began the quest
                  | for the Orb.
     0 | D:1      | Reached XP level 1. HP: 15/15 MP: 3/3
    60 | D:1      | Reached skill level 2 in Spellcasting
   120 | D:1      | Reached XP level 2. HP: 20/22 MP: 0/5
   237 | D:1      | Learned a level 2 spell: Passwall
   262 | D:1      | Reached skill level 5 in Earth Magic
   479 | D:1      | Reached XP level 3. HP: 22/28 MP: 3/6
   865 | D:2      | Reached skill level 6 in Earth Magic
  1039 | D:2      | Reached XP level 4. HP: 24/36 MP: 2/7
  1261 | D:3      | Reached skill level 7 in Earth Magic
  1369 | D:4      | Reached XP level 5. HP: 25/42 MP: 0/8
  1401 | D:4      | Found a hide-covered altar of Uskayaw.
  1578 | D:4      | Reached skill level 8 in Earth Magic
  1746 | D:4      | Noticed Pikel
  1746 | D:4      | Noticed a lemure
  1746 | D:4      | Noticed a lemure
  1746 | D:4      | Noticed a lemure
  1746 | D:4      | Noticed a lemure
  1763 | D:4      | HP: 10/42 [Pikel/+2 whip of electrocution (7)]
  1766 | D:4      | Slain by Pikel

Illustrated notes

Levels and vault maps discovered:
D:1:      lightli_molten_gateway, layout_basic, serial_bayou,
          serial_bayou_lake_a, serial_bayou_pond_c, serial_bayou_lagoon_a,
          serial_bayou_pond_d, minmay_misc_feat_iff
D:2:      layout_loops_ring, serial_rivers, chequers_serial_rivers_micro_b,
          chequers_serial_rivers_small_3, chequers_serial_rivers_micro_c,
          chequers_serial_rivers_small_b
D:3:      layout_basic
D:4:      layout_rooms, old_standard_altar, uniq_pikel

Skill      XL: |  1  2  3  4  5 |
---------------+----------------+-----
Spellcasting   | 2 |  2.0
Earth Magic    | 5 6 7 8 |  8.4
Dodging        | |  2.1
Stealth        | |  2.4
Transmutations | |  0.8

Action                   |  1- 3 |  4- 6 || total
-------------------------+-------+-------++-------
Melee: Unarmed           |     4 |       ||     4
       Dagger            |     7 |    12 ||    19
 Cast: Sandblast         |    57 |    58 ||   115
       Passwall          |     4 |     4 ||     8
Evoke: Wand              |       |     1 ||     1
  Use: Scroll            |     3 |       ||     3
 Stab: Sleeping          |     2 |       ||     2
Armor: Robe              |     7 |       ||     7
       Leather armour    |     2 |     3 ||     5
       Ring mail         |       |    21 ||    21
Dodge: Dodged            |    35 |    30 ||    65

Table legend: (Time is in decaauts)
 A = Elapsed time spent in this place.
 B = Non-inter-level travel time spent in this place.
 C = Inter-level travel time spent in this place.
 D = Time resting spent in this place.
 E = Time spent auto-exploring this place.
 F = Levels seen in this place.
 G = Mean time per level.
                   A        B        C        D        E       F      G
               +--------+--------+--------+--------+--------+-----+--------+
         Total |   1803 |   1760 |     43 |      0 |      0 |   4 |  450.8 |
       Dungeon |   1803 |   1760 |     43 |      0 |      0 |   4 |  450.8 |
               +--------+--------+--------+--------+--------+-----+--------+

Top non-repeatable levels by time:
     D:1: 820 daAuts
     D:2: 453 daAuts
     D:3: 266 daAuts
     D:4: 263 daAuts

Table legend:
 A = Kills in this place as a percentage of kills in entire the game.
 B = Kills by you in this place as a percentage of kills by you in the entire game.
 C = Kills by friends in this place as a percentage of kills by friends in the entire game.
 D = Other kills in this place as a percentage of other kills in the entire game.
 E = Experience gained in this place as a percentage of experience gained in the entire game.
 F = Experience gained in this place divided by the number of levels of this place that you have seen.
                   A       B       C       D       E      F
               +-------+-------+-------+-------+-------+----------------------
         Total | 100.0 | 100.0 |   N/A |   N/A | 100.0 |  79.5
       Dungeon | 100.0 | 100.0 |   N/A |   N/A | 100.0 |  79.5
               +-------+-------+-------+-------+-------+----------------------
